 Dungeon Sprint DCSS version 0.26-a0-1002-g7355149c4d (webtiles) character file.

Game seed: 8091504970504152612

22003 mhtbhm the Warrior (level 13, -14/127 HPs)
             Began as a Human Berserker on Dec 6, 2020.
             Was the Champion of Trog.
             Demolished by an ettin
             ... wielding a +0 dire flail
              (39 damage)
             ... in the Dungeon (Sprint IX: "|||||||||||||||||||||||||||||").
             The game lasted 00:08:54 (3128 turns).

mhtbhm the Warrior (Human Berserker)                Turns: 3128, Time: 00:08:56

Health: -14/127    AC: 24    Str: 23    XL:     13   Next: 24%
Magic:  13/13      EV: 12    Int:  8    God:    Trog [******]
Gold:   1661       SH:  0    Dex: 15    Spells: 12/12 levels left

rFire    . . .     SeeInvis +   a - +4 scimitar (flame)
rCold    . . .     Faith    +   (no shield)
rNeg     . . .     Spirit   .   b - +2 plate armour {rPois}
rPois    +         Reflect  .   l - +0 hat {SInv}
rElec    .         Harm     .   s - +0 cloak
rCorr    .         Rampage  .   x - +1 pair of gloves
Will     .....     NoTele   +   r - +0 pair of boots
Stlth    ..........             z - amulet of faith
HPRegen  0.31/turn              n - +3 ring of dexterity
MPRegen  0.13/turn              o - +2 ring of protection

@: no status effects
A: no striking features
a: Berserk, Trog's Hand, Brothers in Arms, Renounce Religion


You were in the Dungeon.
You worshipped Trog.
Trog was exalted by your worship.
You visited 1 branch You collected 1947 gold pieces.
You spent 286 gold pieces at shops.

Inventory:

Hand Weapons
 a - a +4 scimitar of flaming (weapon)
 w - a +1 vorpal double sword
Armour
 b - a +2 plate armour of poison resistance (worn)
 l - a +0 hat of see invisible (worn)
 r - a +0 pair of boots (worn)
 s - a +0 cloak (worn)
 x - a +1 pair of gloves (worn)
Jewellery
 n - a +3 ring of dexterity (left hand)
 o - a +2 ring of protection (right hand)
 z - an amulet of faith (around neck)
Wands
 i - a wand of enslavement (10)
 k - a wand of acid (1)
Scrolls
 h - 3 scrolls of blinking
 j - 3 scrolls of remove curse
 p - 2 scrolls of fear
 q - 2 scrolls of identify
 t - a scroll of enchant armour
 v - a scroll of immolation
 y - 2 scrolls of fog
Potions
 c - 8 potions of curing
 d - 7 potions of heal wounds
 e - a potion of haste
 f - 4 potions of magic
 g - 4 potions of berserk rage
 m - a potion of might


   Skills:
 * Level 19.8 Fighting
 + Level 19.1 Long Blades
 + Level 11.6 Armour
 + Level 9.6 Dodging
 - Level 4.4 Stealth
 + Level 4.3 Evocations


You had 12 spell levels left.
You didn't know any spells.
Your spell library was empty.

Dungeon Overview and Level Annotations

Branches:
Dungeon (1/1)

Altars:
Cheibriados
Dithmenos
Elyvilon
Fedhas
Gozag
Hepliaklqana
Kikubaaqudgha
Makhleb
Nemelex Xobeh
Okawaru
Qazlal
Ru
Sif Muna
Trog
Uskayaw
Vehumet
Wu Jian
Xom
Yredelemnul
Zin
The Shining One
Beogh
Jiyva
Lugonu

Shops:
D [**!


Message History

You see here a +1 demon whip.
You see here the +8 hand crossbow of the Spheres {freeze, +Blink Str+4 Dex+2}.
You see here a +1 glaive.
Things that are here:
an uncursed ring of see invisible; an uncursed ring of magical power; an uncursed ring of ice Your iron troll rages.
Your iron troll is no longer berserk.
There is an open door here.
You start resting.
An ettin is nearby!
An ettin is nearby!
An ettin is nearby!
Your iron troll disappears in a puff of smoke!
You close the door.
An ettin opens the door.
You see here a +0 helmet.
The ettin hits you with a +0 dire flail!
* * * LOW HITPOINT WARNING * * *
The ettin hits you with a +0 dire flail!!!
You die...

.......................▓
▓▓▓▓▓▓▓▓▓▓▓▓▓▓▓▓▓▓▓▓▓▓▓▓
.....(.[:'...[.[..'....▓
▓▓▓▓▓▓▓▓▓▓▓▓▓▓▓▓▓▓▓▓▓▓.▓
.......................▓
▓▓▓▓▓▓▓▓▓▓▓▓▓▓▓▓▓▓▓▓▓▓▓▓
)∩)∩)∩)∩.....'.........▓
▓▓▓▓▓▓▓▓▓▓▓▓▓▓▓▓▓▓▓▓▓▓.▓
...........[C.cC@......▓
▓▓▓▓▓▓▓▓▓▓▓▓▓▓▓▓▓▓▓▓▓▓▓▓


)CCc.CC. ▓▓▓▓▓▓▓▓ You could see 2 ettins and a yaktaur.

Vanquished Creatures
  Gastronok (D)
  A rakshasa (D)
  A hydra (D)
  A catoblepas (D)
  6 death yaks (D)
  A centaur warrior (D)
  A tengu warrior (D)
  3 orc high priests (D)
  A wizard (D)
  2 orc knights (D)
  4 orc sorcerers (D)
  2 cyclopes (D)
  2 cane toads (D)
  3 komodo dragons (D)
  An efreet (D)
  3 trolls (D)
  A hornet (D)
  A dream sheep (D)
  3 yaks (D)
  A vampire mosquito (D)
  5 water moccasins (D)
  A sky beast (D)
  2 orc warriors (D)
  2 black bears (D)
  An ice beast (D)
  An ogre (D)
  2 centaurs (D)
  2 bullfrogs (D)
  A killer bee (D)
  A jelly (D)
  4 orc priests (D)
  An orc wizard (D)
  A shadow imp (D)
  An ooze (D)
  A dart slug (D)
  12 orcs (D)
  A giant cockroach (D)
  A goblin (D)
  A hobgoblin (D)
  A quokka (D)
  A quokka zombie (D)
  A rat (D)
83 creatures vanquished.

Vanquished Creatures (collateral kills)
  A frost giant (D)
  A fire dragon (D)
  A death yak (D)
  2 orc high priests (D)
  An orc knight (D)
  An orc sorcerer (D)
  5 orc warriors (D)
  2 orcs (D)
14 creatures vanquished.

Vanquished Creatures (others)
  An ugly thing (D)
1 creature vanquished.

Grand Total: 98 creatures vanquished

Notes
Turn   | Place    | Note
-------+----------+-------------------------------------------
     0 | D        | mhtbhm the Human Berserker began the quest for the Orb.
     0 | D        | Reached XP level 1. HP: 18/18 MP: 1/1
    10 | D        | Reached XP level 2. HP: 25/25 MP: 2/2
    10 | D        | Reached ** piety under Trog
    89 | D        | Reached skill level 5 in Long Blades
    89 | D        | Reached XP level 3. HP: 32/32 MP: 3/3
    89 | D        | Reached *** piety under Trog
    95 | D        | Reached skill level 5 in Fighting
   101 | D        | Found a roughly hewn altar of Beogh.
   101 | D        | Found a snail-covered altar of Cheibriados.
   101 | D        | Found a shadowy altar of Dithmenos.
   101 | D        | Found a white marble altar of Elyvilon.
   101 | D        | Found a blossoming altar of Fedhas.
   101 | D        | Found an opulent altar of Gozag.
   102 | D        | Found a hazy altar of Hepliaklqana.
   103 | D        | Found a viscous altar of Jiyva.
   104 | D        | Found an ancient bone altar of Kikubaaqudgha.
   105 | D        | Found a corrupted altar of Lugonu.
   106 | D        | Found a burning altar of Makhleb.
   107 | D        | Found a sparkling altar of Nemelex Xobeh.
   108 | D        | Found an iron altar of Okawaru.
   109 | D        | Found a stormy altar of Qazlal.
   110 | D        | Found a sacrificial altar of Ru.
   111 | D        | Found a shimmering blue altar of Sif Muna.
   112 | D        | Found a bloodstained altar of Trog.
   113 | D        | Found a hide-covered altar of Uskayaw.
   114 | D        | Found a radiant altar of Vehumet.
   115 | D        | Found an ornate altar of the Wu Jian Council.
   116 | D        | Found a shimmering altar of Xom.
   117 | D        | Found a basalt altar of Yredelemnul.
   118 | D        | Found a glowing silver altar of Zin.
   119 | D        | Found a glowing golden altar of the Shining One.
   174 | D        | Noticed an ogre
   174 | D        | Noticed a black bear
   174 | D        | Noticed a centaur
   174 | D        | Noticed a centaur
   174 | D        | Noticed a black bear
   178 | D        | Killed an ogre
   178 | D        | Reached **** piety under Trog
   179 | D        | Reached XP level 4. HP: 41/41 MP: 4/4
   179 | D        | Reached XP level 5. HP: 47/47 MP: 5/5
   183 | D        | Killed a black bear
   184 | D        | Reached skill level 1 in Stealth
   184 | D        | Reached XP level 6. HP: 52/55 MP: 6/6
   191 | D        | Reached ***** piety under Trog
   192 | D        | Reached skill level 10 in Long Blades
   192 | D        | Reached XP level 7. HP: 32/63 MP: 7/7
   402 | D        | Noticed a troll
   402 | D        | Noticed a purple ugly thing
   402 | D        | Noticed a centaur warrior
   402 | D        | Noticed a troll
   402 | D        | Noticed an efreet
   412 | D        | Killed a troll
   413 | D        | Reached skill level 5 in Armour
   413 | D        | Reached skill level 5 in Dodging
   425 | D        | Killed a purple ugly thing
   426 | D        | Reached skill level 10 in Fighting
   426 | D        | Reached XP level 8. HP: 37/72 MP: 8/8
   428 | D        | Killed an efreet
   428 | D        | Killed a centaur warrior
   429 | D        | Reached skill level 1 in Evocations
   429 | D        | Reached XP level 9. HP: 36/81 MP: 9/9
   429 | D        | Killed a troll
   729 | D        | Noticed a cane toad
   729 | D        | Noticed a komodo dragon
   729 | D        | Noticed a komodo dragon
   729 | D        | Noticed a cane toad
   732 | D        | Killed a cane toad
   732 | D        | Received a gift from Trog
   743 | D        | Killed a komodo dragon
   744 | D        | Reached skill level 15 in Long Blades
   744 | D        | Reached XP level 10. HP: 74/89 MP: 10/10
   747 | D        | Killed a komodo dragon
   751 | D        | Killed a cane toad
   756 | D        | Noticed a komodo dragon
   966 | D        | Killed a komodo dragon
   970 | D        | Reached ****** piety under Trog
   992 | D        | Noticed an eight-headed hydra
   996 | D        | Killed a five-headed hydra
   998 | D        | Received a gift from Trog
  1017 | D        | Reached XP level 11. HP: 60/98 MP: 11/11
  1018 | D        | Received a gift from Trog
  1162 | D        | Noticed a death yak
  1162 | D        | Noticed a death yak
  1162 | D        | Noticed a death yak
  1162 | D        | Noticed a catoblepas
  1162 | D        | Noticed a death yak
  1162 | D        | Noticed a death yak
  1169 | D        | Noticed a death yak
  1172 | D        | Killed a death yak
  1173 | D        | Noticed a death yak
  1180 | D        | Killed a death yak
  1369 | D        | Killed a death yak
  1382 | D        | Killed a catoblepas
  1387 | D        | Killed a death yak
  1719 | D        | Killed a death yak
  1720 | D        | Reached skill level 15 in Fighting
  1720 | D        | Reached skill level 10 in Armour
  1723 | D        | Killed a death yak
  1723 | D        | Received a gift from Trog
  1732 | D        | Killed a death yak
  1928 | D        | Received a gift from Trog
  1929 | D        | Noticed an orc high priest
  1941 | D        | Killed an orc high priest
  1942 | D        | Reached XP level 12. HP: 83/112 MP: 12/12
  2155 | D        | Received a gift from Trog
  2157 | D        | Upgraded the game from 0.26-a0-980-g0fe3eaa9ac to
                  | 0.26-a0-1002-g7355149c4d
  2178 | D        | Received a gift from Trog
  2452 | D        | Found Dorghyha's Armour Emporium.
  2453 | D        | Noticed a sun demon
  2466 | D        | Noticed an orc high priest
  2474 | D        | Found Dumoir's General Store.
  2476 | D        | Noticed a soul eater
  2479 | D        | Noticed a sun demon
  2484 | D        | Received a gift from Trog
  2486 | D        | Found Sozaupn's Assorted Antiques.
  2487 | D        | Killed an orc high priest
  2494 | D        | Found Tazo's Distillery.
  2495 | D        | Noticed an orc high priest
  2498 | D        | Noticed an orc high priest
  2499 | D        | Noticed an orc high priest
  2506 | D        | Killed an orc high priest
  2510 | D        | Killed an orc high priest
  2510 | D        | Received a gift from Trog
  2512 | D        | Killed an orc high priest
  2566 | D        | Bought a potion of heal wounds for 50 gold pieces
  2566 | D        | Bought a scroll of enchant armour for 75 gold pieces
  2566 | D        | Bought a scroll of identify for 20 gold pieces
  2570 | D        | Bought a potion of heal wounds for 55 gold pieces
  2570 | D        | Bought a potion of curing for 33 gold pieces
  2572 | D        | Bought a puce potion for 18 gold pieces
  2574 | D        | Bought a scroll of immolation for 35 gold pieces
  2801 | D        | Noticed Gastronok
  2815 | D        | Killed Gastronok
  2982 | D        | Noticed a wizard
  2988 | D        | Received a gift from Trog
  2989 | D        | Noticed a tengu warrior
  2991 | D        | Killed a wizard
  2995 | D        | Noticed a rakshasa
  2996 | D        | Reached XP level 13. HP: 125/125 MP: 13/13
  2996 | D        | Noticed a fire dragon
  2998 | D        | Received a gift from Trog
  2999 | D        | Noticed an ettin
  3005 | D        | Noticed a frost giant
  3012 | D        | Noticed an ettin
  3014 | D        | Noticed an ettin
  3016 | D        | Killed a rakshasa
  3019 | D        | HP: 4/126 [fire dragon/blast of flame (35)]
  3024 | D        | Killed a fire dragon
  3025 | D        | Killed a frost giant
  3025 | D        | Received a gift from Trog
  3128 | D        | Demolished by an ettin

Illustrated notes

Levels and vault maps discovered:
D:        linesprint [early_d, line_temple, items_1, d_10, items_2, lair_1,
          lair_end, items_3, orc_1, orc_end, items_4, d_15, swamp_1, shoals_1,
          snake_1, spider_1, d_20, vaults_1, items_5, swamp_end, shoals_end,
          snake_end, spider_end, vaults_end, d_27, items_6, zot_1, zot_end,
          crypt_end, forest_end, elf_end, slime_end, tomb_end, abyss_end,
          pan_hell_end]

Skill      XL: |  1  2  3  4  5  6  7  8  9 10 11 12 13 |
---------------+----------------------------------------+-----
Long Blades    | 5 7 8 10 12 14 15 16 17 18 19 | 19.1
Fighting       | 4 6 7 8 10 11 13 16 19 | 19.8
Armour         | 3 4 6 7 9 10 11 | 11.6
Dodging        | 3 4 5 6 7 8 9 |  9.6
Stealth        | 1 2 3 4 |  4.4
Evocations     | 1 2 3 4 |  4.3

Action                   |  1- 3 |  4- 6 |  7- 9 | 10-12 | 13-15 || total
-------------------------+-------+-------+-------+-------+-------++-------
Melee: Falchion          |    15 |       |       |       |       ||    15
       Scimitar          |     3 |    10 |    41 |   191 |    17 ||   262
Invok: Berserk           |     3 |       |     2 |     9 |       ||    14
       Brothers in Arms  |       |       |       |     3 |     2 ||     5
Evoke: Wand              |       |       |     3 |     4 |     2 ||     9
  Use: Potion            |       |       |     2 |     3 |       ||     5
       Scroll            |       |       |       |     2 |     1 ||     3
Armor: Animal skin       |     1 |       |       |       |       ||     1
       Ring mail         |       |     5 |    19 |    16 |       ||    40
       Plate armour      |       |       |       |    22 |    16 ||    38
Dodge: Dodged            |     2 |     8 |    26 |    77 |    18 ||   131
       Rpst.: Scimitar   |     1 |     2 |     3 |    18 |     3 ||    27

Table legend: (Time is in decaauts)
 A = Elapsed time spent in this place.
 B = Non-inter-level travel time spent in this place.
 C = Inter-level travel time spent in this place.
 D = Time resting spent in this place.
 E = Time spent auto-exploring this place.
 F = Levels seen in this place.
 G = Mean time per level.
                   A        B        C        D        E       F      G
               +--------+--------+--------+--------+--------+-----+--------+
         Total |   3167 |   3167 |      0 |   1766 |    442 |   1 | 3167.0 |
       Dungeon |   3167 |   3167 |      0 |   1766 |    442 |   1 | 3167.0 |
               +--------+--------+--------+--------+--------+-----+--------+

Top non-repeatable levels by time:
       D: 3167 daAuts
